 Dungeon Crawl Stone Soup version 0.28.0-45-g0d030f2227 (webtiles) character file.

Game seed: 7875488438308340784

125 101zpm the Magician (level 5, 0/35 HPs)
             Began as a Djinni Ice Elementalist on Apr 15, 2022.
             Slain by a hornet zombie (3 damage)
             ... on level 3 of the Dungeon.
             The game lasted 00:07:54 (3218 turns).

101zpm the Magician (Djinni Ice Elementalist)       Turns: 3218, Time: 00:07:54

Health: 0/35       AC:  2    Str:  7    XL:     5   Next: 30%
Gold:   63         EV: 12    Int: 18    God:
                   SH:  0    Dex: 14

rFire   + + .      SeeInvis .   j - +2 hunting sling "Xematyrr" {flame, Fly rPois}
rCold   x . .      Faith    .   (no shield)
rNeg    . . .      Spirit   .   a - +0 robe
rPois   ∞          Reflect  .   (no helmet)
rElec   .          Harm     .   (no cloak)
rCorr   .          Rampage  .   (no gloves)
Will    .....                   (boots unavailable)
Stlth   ++........              (no amulet)
HPRegen 0.11/turn               (no ring)
MPRegen 0.00/turn               (no ring)

@: flying
A: sickness immunity, fire resistance 2, cold vulnerability 1, float, innate
caster, HP casting, extra vitality 1
a: no special abilities


You were on level 3 of the Dungeon.
You visited 1 branch of the dungeon, and saw 3 of its levels.

You collected 63 gold pieces.

Inventory:

Hand Weapons
 j - the +2 hunting sling "Xematyrr" (weapon) {flame, Fly rPois}
   (You found it on level 2 of the Dungeon)

   Any ammunition fired from it burns those it strikes, dealing additional fire
   damage.
   rPois:     It protects you from poison.
   Fly:       It grants you flight.
Missiles
 o - 19 sling bullets
 p - 40 stones (quivered ammo)
Armour
 a - a +0 robe (worn)
Jewellery
 e - a ring of see invisible
 g - a ring of protection from fire
Scrolls
 b - 5 scrolls of magic mapping {unknown}
 i - 3 scrolls of identify {unknown}
 k - a scroll of silence {unknown}
 l - a scroll of fog {unknown}
 m - a scroll of teleportation {unknown}
 n - a scroll of enchant weapon {unknown}
Potions
 c - a potion of mutation {unknown}
 d - a potion of magic {unknown}
 f - a potion of curing {unknown}
 h - a potion of might {unknown}


   Skills:
 + Level 0.3 Slings
 + Level 2.4 Dodging
 + Level 1.9 Stealth
 + Level 4.7 Spellcasting


You couldn't memorise any spells.
You knew the following spells:

 Your Spells              Type           Power      Damage    Failure   Level
a - Freeze                Ice            84%        1d10      1%          1
b - Frozen Ramparts       Ice            42%        1d6       6%          3
c - Ozocubu's Armour      Ice            21%        N/A       6%          3
d - Hailstorm             Conj/Ice       21%        3d6       21%         4
e - Foxfire               Conj/Fire      84%        2x1d8     1%          1
f - Blink                 Tloc           42%        N/A       3%          2
Your spell library was empty.

Dungeon Overview and Level Annotations

Branches:
Dungeon (3/15)

Altars:

Annotations:
D:3 1 transporter


Innate Abilities, Weirdness & Mutations

You are immune to sickness and miasma.
You are immune to poison.
Your flesh is very heat resistant. (rF++)
You are vulnerable to cold. (rC-)
You float through the air rather than walking.
You learn spells naturally, not from books.
Your magical power is your life essence.
You have superior vitality. (+4 MHP)


Message History

A hornet zombie is nearby!
You shoot a stone. The stone hits the hornet zombie.
The stone burns the hornet zombie.
The hornet zombie is lightly damaged.
You shoot a stone.
The stone barely misses the hornet zombie.
The hornet zombie hits you!
You shoot a stone.
The stone hits the hornet zombie but does no damage.
The hornet zombie is lightly damaged.
The hornet zombie hits you.
You shoot a stone.
The stone hits the hornet zombie but does no damage.
The hornet zombie is lightly damaged.
The hornet zombie hits you!
* * * LOW HITPOINT WARNING * * *
The hornet zombie barely misses you.
You are too injured to fight recklessly!
You are too injured to fight recklessly!
You are too injured to fight recklessly!
You are too injured to fight recklessly!
You are too injured to fight recklessly!
You are too injured to fight recklessly!
You are too injured to fight recklessly!
Fire: 41 stones
Press: ? - help, Q - select action, (/) - cycle Shift-Dir - straight line, f/p - hornet zombie
Aim: a hornet zombie (lightly damaged, 64% to hit)
You shoot a stone. The stone hits the hornet zombie.
The stone burns the hornet zombie.
The hornet zombie is lightly damaged.
The hornet zombie hits you.
* * * LOW HITPOINT WARNING * * *
The hornet zombie hits you.
* * * LOW HITPOINT WARNING * * *
The hornet zombie hits you.
* * * LOW HITPOINT WARNING * * *
There is an open door here.
The hornet zombie misses you. The hornet zombie hits you.
You die...

##.......†......#.(..(...
#...............#.#
#.....†....######.##.###
#.....†....'.............
#.....†....##############
#..........# .....
#..........#.#####
#...###...Z#.#8P#≈ #...
##..@..#..#. ####
##....©#©/+. #'.....#..#.
#####...#.#8P#≈
#.......#.#####
#...#####......
#...########### #######
#...'.....# #......
##...#####.###### #......


You could see a hornet zombie.

Vanquished Creatures
  5 adders
  3 worms
  2 dart slugs (D:1)
  9 endoplasms
  2 giant cockroaches (D:3)
  5 goblins
  4 hobgoblins
  4 jackals (D:2)
  3 kobolds
  3 quokkas (D:1)
  5 ball pythons
  6 bats
  7 frilled lizards
  12 rats
70 creatures vanquished.

Vanquished Creatures (others)
  169 foxfires
169 creatures vanquished.

Grand Total: 239 creatures vanquished

Notes
Turn   | Place    | Note
-------+----------+-------------------------------------------
     0 | D:1      | 101zpm the Djinni Ice Elementalist began the quest for the
                  | Orb.
     0 | D:1      | Reached XP level 1. HP: 15/15 MP: 0/0
   183 | D:2      | Reached XP level 2. HP: 19/21 MP: 0/0
   478 | D:1      | Found a faded altar of an unknown god.
   778 | D:1      | Reached XP level 3. HP: 22/25 MP: 0/0
   778 | D:1      | Learned a level 1 spell: Foxfire
  1059 | D:1      | Reached skill level 4 in Spellcasting
  1759 | D:2      | Reached XP level 4. HP: 25/31 MP: 0/0
  2091 | D:2      | Identified the +2 hunting sling "Xematyrr" {flame, Fly
                  | rPois}
  2971 | D:3      | Reached XP level 5. HP: 35/35 MP: 0/0
  2971 | D:3      | Learned a level 2 spell: Blink
  3042 | D:3      | Found a transporter.
  3218 | D:3      | Slain by a hornet zombie

Illustrated notes

Levels and vault maps discovered:
D:1:      dpeg_arrival_rooms_with_view, layout_rooms,
          hellmonk_ecumenical_altar_zigzags, item_on_display_b
D:2:      layout_basic
D:3:      gammafunk_steamed_eel, layout_basic

Skill      XL: |  1  2  3 |
---------------+----------+-----
Spellcasting   | 4 |  4.7
Slings         | |  0.3
Dodging        | |  2.4
Stealth        | |  1.9

Action                   |  1- 3 |  4- 6 || total
-------------------------+-------+-------++-------
Melee: Unarmed           |     1 |       ||     1
 Fire: Hunting sling     |       |    46 ||    46
 Cast: Freeze            |    47 |       ||    47
       Foxfire           |    36 |    62 ||    98
Armor: Robe              |     3 |     1 ||     4
Dodge: Dodged            |    21 |    11 ||    32
